 Dungeon Crawl Stone Soup version 0.27.1-4-g1640c2035a (webtiles) character file.

Game seed: 2553240849313620315

483 pkoi the Shield-Bearer (level 6, -1/44 (51) HPs)
             Began as a Minotaur Fighter on Nov 9, 2021.
             Killed from afar by Edmund (8 damage)
             ... with a puff of flame
             ... on level 4 of the Dungeon.
             The game lasted 00:02:51 (3012 turns).

pkoi the Shield-Bearer (Minotaur Fighter)           Turns: 3012, Time: 00:02:51

HP:   -1/44 (51)    AC: 14    Str: 23    XL:     6   Next: 87%
MP:   5/5           EV:  7    Int:  5    God:
Gold: 178           SH: 10    Dex:  9    Spells: 5/5 levels left

rFire    . . .     SeeInvis .   a - +0 long sword
rCold    . . .     Faith    .   c - +0 kite shield
rNeg     + . .     Spirit   .   p - +0 pearl dragon scales
rPois    .         Reflect  .   (helmet restricted)
rElec    .         Harm     .   (no cloak)
rCorr    .         Rampage  .   (no gloves)
Will     .....                  o - +1 pair of boots
Stlth    ..........             (no amulet)
HPRegen  0.14/turn              (no ring)
MPRegen  0.09/turn              (no ring)

@: mighty, studying Polearms, heavily drained
A: horns 2, retaliatory headbutt
a: no special abilities


You were on level 4 of the Dungeon.
You visited 1 branch of the dungeon, and saw 4 of its levels.

You collected 178 gold pieces.

Inventory:

Hand Weapons
 a - a +0 long sword (weapon)
Missiles
 b - 8 boomerangs
 l - 6 javelins (quivered)
Armour
 c - a +0 kite shield (worn)
 o - a +1 pair of boots (worn)
 p - +0 pearl dragon scales (worn)
Scrolls
 f - a scroll of silence {unknown}
 j - a scroll of magic mapping {unknown}
 k - a scroll of vulnerability {unknown}
 m - 5 scrolls of identify {unknown}
 n - 3 scrolls of blinking {unknown}
 q - a scroll of holy word {unknown}
 t - a scroll of teleportation {unknown}
Potions
 d - a potion of might
 e - 2 potions of invisibility {unknown}
 g - 2 potions of curing
 h - a potion of degeneration {unknown}
 i - a potion of attraction {unknown}
 r - a potion of cancellation {unknown}
 s - a potion of ambrosia {unknown}


   Skills:
 - Level 3.6 Fighting
 + Level 5.6 Long Blades
 - Level 2.0 Throwing
 + Level 5.3 Armour
 + Level 6.2 Shields


You had 5 spell levels left.
You didn't know any spells.
Your spell library was empty.

Dungeon Overview and Level Annotations

Branches:
Dungeon (4/15)
 Temple: D:4-7

Altars:

Shops:
D:3 (

Annotations:
D:4 Edmund


Innate Abilities, Weirdness & Mutations

You have a pair of horns on your head.
You reflexively headbutt those who attack you in melee.


Message History

You block Edmund's attack.
Edmund hits you with a +4 dire flail of draining!
* * * LOW HITPOINT WARNING * * *
You partially resist.
You feel drained.
* * * LOW HITPOINT WARNING * * *
You barely miss Edmund. You headbutt Edmund!
Edmund is moderately wounded.
Edmund zaps a wand.
The puff of flame misses you.
Unknown command.
Unknown command.
You feel very mighty all of a sudden.
Edmund zaps a wand.
The puff of flame hits you but does no damage.
You barely miss Edmund.
Edmund is moderately wounded.
Edmund hits you but does no damage. You partially resist.
You barely miss Edmund.
Edmund is moderately wounded.
Edmund hits you with a +4 dire flail of draining.
* * * LOW HITPOINT WARNING * * *
You partially resist.
You feel drained.
* * * LOW HITPOINT WARNING * * *
Edmund zaps a wand.
The puff of flame misses you.
You slash Edmund!
Edmund is heavily wounded.
Edmund hits you with a +4 dire flail of draining.
* * * LOW HITPOINT WARNING * * *
You partially resist.
You feel drained.
You barely miss Edmund. Your headbutt misses Edmund.
Edmund is heavily wounded.
Edmund hits you but does no damage. You partially resist.
You slash Edmund!
Edmund is almost dead.
Edmund hits you with a +4 dire flail of draining!
* * * LOW HITPOINT WARNING * * *
You partially resist.
You feel drained. You block Edmund's attack.
Unknown command.
It was a potion of curing.
You feel better.
Edmund zaps a wand.
The puff of flame hits you!
You die...

#. #$ #. #. #. . ######.#####....
.### #########..)....@@....# ....
........#.#####.#####... ###
........#.#####.#####
...........##.......# ........#.
#.#.###.# ##.## ........# #.#(.#
#...# ........# #.##.# #...#
........## #.##.##.# #...#####
.........####.......#####........


You could see Edmund.

Vanquished Creatures
  Grinder (D:3)
  A phantom (D:4)
  A hound (D:4)
  An orc priest (D:3)
  An orc wizard (D:3)
  A gnoll (D:1)
  4 adders
  A white imp (D:4)
  4 worms
  3 dart slugs
  7 orcs
  3 ball pythons
  5 endoplasms
  A giant cockroach (D:3)
  4 goblins
  5 hobgoblins
  3 quokkas
  4 bats
  3 frilled lizards
  8 kobolds
  6 rats
67 creatures vanquished.

Notes
Turn   | Place    | Note
-------+----------+-------------------------------------------
     0 | D:1      | pkoi the Minotaur Fighter began the quest for the Orb.
     0 | D:1      | Reached XP level 1. HP: 19/19 MP: 0/0
   157 | D:1      | Reached skill level 4 in Shields
   221 | D:1      | Reached XP level 2. HP: 26/26 MP: 1/1
   453 | D:1      | Reached XP level 3. HP: 31/31 MP: 2/2
  1594 | D:3      | Reached XP level 4. HP: 39/39 MP: 3/3
  1628 | D:3      | Reached skill level 1 in Throwing
  1660 | D:3      | Found Fuenommi's Weapon Emporium.
  1954 | D:3      | Noticed Grinder
  1955 | D:3      | Paralysed by Grinder for 4 turns
  1968 | D:3      | Paralysed by Grinder for 5 turns
  1981 | D:3      | Killed Grinder
  1982 | D:3      | Reached skill level 5 in Long Blades
  1982 | D:3      | Reached skill level 5 in Shields
  1982 | D:3      | Reached XP level 5. HP: 2/45 MP: 4/4
  1982 | D:3      | Reached XP level 6. HP: 3/51 MP: 5/5
  2363 | D:3      | Found a faded altar of an unknown god.
  2736 | D:4      | Reached skill level 5 in Armour
  2889 | D:4      | Reached skill level 6 in Shields
  2997 | D:4      | Noticed Edmund
  3011 | D:4      | HP: 2/46 [Edmund (7)]
  3012 | D:4      | Killed from afar by Edmund

Illustrated notes

Levels and vault maps discovered:
D:1:      amcnicky_arrival_single_pillar, layout_loops_cross
D:2:      layout_loops_ring
D:3:      layout_loops_ring, serial_shops, nicolae_shop_stone,
          basic_ecumenical_altar, kennysheep_another_room,
          minmay_misc_feat_columns, uniq_grinder
D:4:      layout_loops_cross, minmay_manual_mess, uniq_edmund

Skill      XL: |  1  2  3  4  5  6 |
---------------+-------------------+-----
Shields        | 4 5 6 |  6.2
Long Blades    | 3 5 |  5.6
Throwing       | 2 |  2.0
Armour         | 4 5 |  5.3
Fighting       | |  3.6

Action                   |  1- 3 |  4- 6 || total
-------------------------+-------+-------++-------
Melee: Long sword        |    76 |   127 ||   203
       Headbutt          |    14 |    25 ||    39
  Use: Potion            |       |     2 ||     2
Armor: Scale mail        |    29 |       ||    29
       Pearl dragon scal |     5 |    67 ||    72
Dodge: Dodged            |    18 |    29 ||    47
Block: Kite shield       |    42 |    54 ||    96
       Rpst.: Long sword |     5 |    10 ||    15
